 Dungeon Crawl Stone Soup version 0.31-a0-810-ga77100ea1a (webtiles) character file.

Game seed: 1825948531792050501

36 thirtiethelement the Vexing (level 3, -4/24 HPs)
             Began as a Demonspawn Enchanter on Sept 21, 2023.
             Killed from afar by Natasha (6 damage)
             ... with a magic dart
             ... on level 2 of the Dungeon.
             The game lasted 00:02:38 (1105 turns).

thirtiethelement the Vexing (Demonspawn Enchanter)  Turns: 1105, Time: 00:02:38

Health: -4/24      AC:  2    Str:  8    XL:     3   Next: 19%
Magic:  2/6        EV: 11    Int: 16    God:
Gold:   54         SH:  8    Dex: 15    Spells: 4/6 levels left

rFire   . . .        a - +1 dagger
rCold   . . .        e - +0 buckler
rNeg    . . .        b - +0 robe
rPois   .            (no helmet)
rElec   .            (no cloak)
rCorr   .            (no gloves)
SInv    .            (no boots)
Will    .....        (no amulet)
Stlth   ++           (no ring)
HPRegen 0.24/turn    (no ring)
MPRegen 0.10/turn

%: no passive effects
@: slowed, very slow
A: hooves 1, condensation shield
a: no special abilities


You were on level 2 of the Dungeon.
You visited 1 branch of the dungeon, and saw 2 of its levels.

You collected 54 gold pieces.

Inventory:

Hand Weapons
 a - a +1 dagger (weapon)
Armour
 b - a +0 robe (worn)
 e - a +0 buckler (worn)
Jewellery
 j - an amulet of magic regeneration
Talismans
 h - a blade talisman
Scrolls
 g - a scroll of fear {unknown}
 k - a scroll of identify {unknown}
Potions
 c - 2 potions of invisibility
 d - a potion of enlightenment {unknown}
 f - a potion of magic {unknown}
 i - a potion of cancellation {unknown}


   Skills:
 + Level 1.3 Short Blades
 + Level 2.0 Dodging
 + Level 3.2 Stealth
 + Level 0.1 Shields
 + Level 2.2 Spellcasting
 + Level 3.3 Hexes


You had 4 spell levels left.
You knew the following spells:

 Your Spells              Type           Power      Damage    Failure   Level
a - Ensorcelled Hibernat  Hex/Ice        14%        N/A       26%         2

Your spell library contained the following spells:

 Spells                   Type           Power      Damage    Failure   Level
 Confusing Touch          Hex            12%        N/A       26%         3
 Tukima's Dance           Hex            12%        N/A       26%         3
 Dazzling Flash           Conj/Hex       14%        N/A       45%         3


Dungeon Overview and Level Annotations

Branches:
Dungeon (2/15)

Altars:

Annotations:
D:2 Natasha


Innate Abilities, Weirdness & Mutations

You have large cloven feet.
A meltable shield of frost defends you. (SH +4)


Message History

Natasha resists with some effort.
Natasha closely misses you. The cerulean imp barely misses you.
You block the rat's attack. The rat bites you.
The cerulean imp hits you with a +0 spear.
The cerulean imp hits you from afar with a +0 spear.
There is a stone staircase leading down here.
The cerulean imp attacks as it pursues you!
The cerulean imp barely misses you. Natasha closely misses you.
The cerulean imp attacks as it pursues you!
The cerulean imp closely misses you.
Your magical contamination has completely faded away.
The cerulean imp attacks as it pursues you!
You block the cerulean imp's attack.
The cerulean imp hits you from afar with a +0 spear.
Natasha closely misses you.
Natasha stares at you and mumbles some strange words.
You resist with significant effort. Natasha casts a spell at you.
You feel yourself slow down.
Natasha stares at you and mumbles some strange words.
You resist with significant effort.
The cerulean imp attacks as it pursues you!
You block the cerulean imp's attack.
The cerulean imp hits you from afar with a +0 spear.
* * * LOW HITPOINT WARNING * * *
The cerulean imp attacks as it pursues you!
You block the cerulean imp's attack.
The cerulean imp hits you from afar with a +0 spear.
* * * LOW HITPOINT WARNING * * *
The cerulean imp attacks as it pursues you!
The cerulean imp hits you from afar with a +0 spear.
* * * LOW HITPOINT WARNING * * *
The cerulean imp disappears in a puff of smoke!
There is a stone staircase leading up here.
Natasha claws you.
* * * LOW HITPOINT WARNING * * *
Natasha stares at you and mumbles some strange words.
The magic dart hits you.
You die...
Natasha curls up and begins to purr.

#######
#.@...#
#.h...#
#.r...#
#..ยง..#
#.....#
#.....#
#.....##
#......#
#
#......#
#######..


You could see Natasha and a rat.

Vanquished Creatures
  2 dart slugs (D:1)
  3 bats (D:1)
  An endoplasm (D:1)
  A giant cockroach (D:1)
  2 goblins (D:1)
  3 hobgoblins (D:1)
  5 jackals (D:1)
  2 kobolds (D:1)
  4 ball pythons (D:1)
  A frilled lizard (D:1)
  4 rats (D:1)
28 creatures vanquished.

Notes
Turn   | Place    | Note
-------+----------+-------------------------------------------
     0 | D:1      | thirtiethelement the Demonspawn Enchanter began the quest
                  | for the Orb.
     0 | D:1      | Reached XP level 1. HP: 13/13 MP: 3/3
   150 | D:1      | Reached skill level 1 in Short Blades
   245 | D:1      | Gained mutation: A meltable shield of frost defends you.
                  | (SH +4) [demonic ancestry]
   245 | D:1      | Reached XP level 2. HP: 10/19 MP: 5/5
   248 | D:1      | Learned a level 2 spell: Ensorcelled Hibernation
   435 | D:1      | Found a faded altar of an unknown god.
   642 | D:1      | Gained mutation: You have large cloven feet. [demonic
                  | ancestry]
   642 | D:1      | Reached XP level 3. HP: 24/24 MP: 6/6
  1080 | D:2      | Noticed Natasha
  1105 | D:2      | Killed from afar by Natasha

Illustrated notes

Levels and vault maps discovered:
D:1:      kilobyte_arrival_exit_the_forest, layout_loops_ring,
          basic_ecumenical_altar, minmay_small_reverse_x
D:2:      minmay_roachtagon, layout_rooms, uniq_terence, uniq_natasha,
          uniq_sigmund

Skill      XL: |  1  2 |
---------------+-------+-----
Short Blades   | 1 |  1.3
Stealth        | 3 |  3.2
Dodging        | 2 |  2.0
Shields        | |  0.1
Spellcasting   | |  2.2
Hexes          | |  3.3

Action                     || total
---------------------------++-------
  Melee: Dagger            ||    93
         Kick              ||     4
   Cast: Ensorcelled Hiber ||     5
   Stab: Sleeping          ||     4
 Armour: Robe              ||    52
  Dodge: Dodged            ||    57
  Block: Buckler           ||    24

Table legend: (Time is in decaauts)
 A = Elapsed time spent in this place.
 B = Non-inter-level travel time spent in this place.
 C = Inter-level travel time spent in this place.
 D = Time resting spent in this place.
 E = Time spent auto-exploring this place.
 F = Levels seen in this place.
 G = Mean time per level.
                   A        B        C        D        E       F      G
               +--------+--------+--------+--------+--------+-----+--------+
         Total |   1112 |   1063 |     49 |     36 |    781 |   2 |  556.0 |
       Dungeon |   1112 |   1063 |     49 |     36 |    781 |   2 |  556.0 |
               +--------+--------+--------+--------+--------+-----+--------+

Top non-repeatable levels by time:
     D:1: 1067 daAuts
     D:2: 44 daAuts
